 Dungeon Crawl Stone Soup version 0.27-a0-1334-g2746e35aca (webtiles) character file.

Game seed: 5246858412925693543

21 Lanoc the Chiller (level 2, 0/28 HPs)
             Began as a Demonspawn Ice Elementalist on June 26, 2021.
             Was a Follower of Trog.
             Slain by a jackal (2 damage)
             ... on level 1 of the Dungeon.
             The game lasted 00:01:03 (857 turns).

Lanoc the Chiller (Demonspawn Ice Elementalist)      Turns: 857, Time: 00:01:03

Health: 0/28       AC:  2    Str:  8    XL:     2   Next: 62%
Magic:  5/5        EV: 12    Int: 16    God:    Trog [*.....]
Gold:   16         SH:  0    Dex: 13    Spells: 4/5 levels left

rFire    . . .     SeeInvis .   b - +1 short sword (venom)
rCold    . . .     Faith    .   (no shield)
rNeg     . . .     Spirit   .   a - +0 robe
rPois    .         Reflect  .   (no helmet)
rElec    .         Harm     .   (no cloak)
rCorr    .         Rampage  .   (no gloves)
Will     .....                  (no boots)
Stlth    ..........             (no amulet)
HPRegen  0.09/turn              (no ring)
MPRegen  0.09/turn              (no ring)

@: berserking, very quick
A: talons 1
a: Renounce Religion, Berserk


You were on level 1 of the Dungeon.
You worshipped Trog.
Trog was aware of your devotion.
You visited 1 branch of the dungeon, and saw 1 of its levels.

You collected 16 gold pieces.

Inventory:

Hand Weapons
 b - a +1 short sword of venom (weapon)
Armour
 a - a +0 robe (worn)
Scrolls
 d - a scroll of torment {unknown}
 e - 2 scrolls of enchant armour {unknown}
 f - a scroll of vulnerability {unknown}
Potions
 c - a potion of lignification {unknown}


   Skills:
 + Level 2.3 Dodging
 - Level 1.7 Stealth
 - Level 2.0 Spellcasting
 - Level 4.1 Ice Magic


You had 4 spell levels left.
You knew the following spells:

 Your Spells              Type           Power      Damage    Failure   Level
a - Freeze                Ice            56%        1d7       3%          1

Your spell library contained the following spells:

 Spells                   Type           Power      Damage    Failure   Level
 Frozen Ramparts          Ice            28%        1d4       12%         3
 Ozocubu's Armour         Ice            14%        N/A       12%         3
 Hailstorm                Conj/Ice       8%         3d4       65%         4
 Metabolic Englaciation   Hex/Ice        4%         N/A       94%         5


Dungeon Overview and Level Annotations

Branches:
Dungeon (1/15)

Altars:
Trog


Innate Abilities, Weirdness & Mutations

You have sharp toenails.


Message History

The ball python bites you. The ball python grabs you.
The ball python constricts you. The jackal barely misses you.
You barely miss the ball python. You claw the ball python.
The ball python is severely wounded.
The jackal bites you. x2
The ball python bites you but does no damage.
The ball python constricts you. The goblin closely misses you.
The jackal misses you.
You are too injured to fight recklessly!
You are too injured to fight recklessly!
You are too injured to fight recklessly!
You are too injured to fight recklessly!
A red film seems to cover your vision as you go berserk!
You feel yourself moving faster!
You feel mighty! The jackal bites you.
* * * LOW HITPOINT WARNING * * *
The ball python bites you but does no damage.
* * * LOW HITPOINT WARNING * * *
The ball python constricts you. The jackal barely misses you.
The goblin hits you but does no damage. The jackal barely misses you.
The ball python barely misses you. The ball python constricts you.
You closely miss the goblin.
The jackal bites you but does no damage.
The goblin closely misses you. The jackal bites you.
* * * LOW HITPOINT WARNING * * *
The jackal closely misses you. The ball python closely misses you.
The ball python constricts you.
You puncture the ball python!
You kill the ball python!
Trog accepts your kill.
The jackal bites you but does no damage.
The goblin hits you with a +0 dagger.
* * * LOW HITPOINT WARNING * * *
The jackal bites you but does no damage.
You barely miss the goblin. The jackal closely misses you.
The goblin barely misses you. The jackal bites you.
* * * LOW HITPOINT WARNING * * *
You closely miss the jackal.
The jackal is moderately wounded.
The jackal bites you.
You die...

..........##.##.# .#...#.#
....#.....##.##.##.#####.#
....#...#.##.##...... ...
....#...#.##.##..#.# #.##
...........#.......# #.#
._.................# #.+
.#..#.....#.####...# .#
.#..#.....#.# #...#####
.#..#:###...# #@.......
...............hgh####..
#.).#######.....hr#
...................
#...#######.......##
#.....# #.......# #.###.#
###.##### #.# #.# #.
#.###.#


You could see 3 jackals, a goblin and a rat.

Vanquished Creatures
  An endoplasm (D:1)
  A giant cockroach (D:1)
  2 goblins (D:1)
  4 jackals (D:1)
  3 kobolds (D:1)
  A quokka (D:1)
  4 ball pythons (D:1)
  2 bats (D:1)
  A rat (D:1)
19 creatures vanquished.

Notes
Turn   | Place    | Note
-------+----------+-------------------------------------------
     0 | D:1      | Lanoc the Demonspawn Ice Elementalist began the quest for
                  | the Orb.
     0 | D:1      | Reached XP level 1. HP: 13/13 MP: 3/3
   292 | D:1      | Gained mutation: You have sharp toenails. [demonic
                  | ancestry]
   292 | D:1      | Reached XP level 2. HP: 6/19 MP: 0/5
   301 | D:1      | Reached skill level 4 in Ice Magic
   615 | D:1      | Found a faded altar of an unknown god.
   642 | D:1      | Became a worshipper of Trog the Wrathful
   642 | D:1      | Reached * piety under Trog
   857 | D:1      | Slain by a jackal

Illustrated notes

Levels and vault maps discovered:
D:1:      minmay_arrival_four_houses, layout_loops_corners,
          hellmonk_ecumenical_altar_lost_god

Skill      XL: |  1  2 |
---------------+-------+-----
Dodging        | 2 |  2.3
Ice Magic      | 4 |  4.1
Stealth        | |  1.7
Spellcasting   | |  2.0

Action                   || total
-------------------------++-------
Melee: Short sword       ||    39
       Unarmed           ||     2
       Kick              ||     5
 Cast: Freeze            ||     6
Invok: Berserk           ||     1
  Use: Potion            ||     1
 Stab: Sleeping          ||     5
Armor: Robe              ||    15
Dodge: Dodged            ||    52

Table legend: (Time is in decaauts)
 A = Elapsed time spent in this place.
 B = Non-inter-level travel time spent in this place.
 C = Inter-level travel time spent in this place.
 D = Time resting spent in this place.
 E = Time spent auto-exploring this place.
 F = Levels seen in this place.
 G = Mean time per level.
                   A        B        C        D        E       F      G
               +--------+--------+--------+--------+--------+-----+--------+
         Total |    859 |    859 |      0 |      0 |    727 |   1 |  859.0 |
       Dungeon |    859 |    859 |      0 |      0 |    727 |   1 |  859.0 |
               +--------+--------+--------+--------+--------+-----+--------+

Top non-repeatable levels by time:
     D:1: 859 daAuts
